BSA
GREENVILLE 84S @ NASHVILLE G-STRINGS
05/29/2028
 
TOP OF THE 1ST
Greenville 84s batting - Pitching for Nashville G-Strings : RHP Jae-hyun Ch'oe
Pitching: RHP Jae-hyun Ch'oe
Batting: RHB Carlos Torres 0-0: Called Strike
0-1: Foul Ball, location: 2F
0-2: Foul Ball, location: 2F
0-2: Ball
1-2: Ball
2-2: Fly out, F8 (Flyball, 8LD)
Batting: LHB Chris Moore 0-0: Foul Ball, location: 2F
0-1: Ball
1-1: Ball
2-1: Fly out, F7 (Flyball, 7D)
Batting: RHB Enzo Díaz 0-0: Ball
1-0: Called Strike
1-1: Ball
2-1: Fly out, F9 (Flyball, 9)
Top of the 1st over - 0 run(s), 0 hit(s), 0 error(s), 0 left on base; Greenville 0 - Nashville 0
BOTTOM OF THE 1ST
Nashville G-Strings batting - Pitching for Greenville 84s : RHP Dillon Nelson
Pitching: RHP Dillon Nelson
Batting: SHB Jorge Flores 0-0: Called Strike
0-1: Swinging Strike
0-2: Ball
1-2: Ball
2-2: Foul Ball, location: 2F
2-2: Ball
3-2: Strikes out looking
Batting: LHB Jesús Núñez 0-0: Ball
1-0: Swinging Strike
1-1: Called Strike
1-2: Ball
2-2: Ball
3-2: Foul Ball, location: 2F
3-2: Base on Balls
Batting: RHB Sergio Márquez 0-0: Called Strike
0-1: Ball
1-1: Ball
2-1: Foul Ball, location: 2F
2-2: SINGLE (Groundball, 6MD)
Jesús Núñez to second
Runner from 2nd tries for 3rd, SAFE, throw made to third
Batting: RHB Vicente Aguirre 0-0: Ball
1-0: Foul Ball, location: 2F
1-1: Foul Ball, location: 2F
1-2: Strikes out swinging
Batting: RHB Javier Deleón 0-0: Called Strike
0-1: Called Strike
0-2: Foul Ball, location: 2F
0-2: Strikes out swinging
Bottom of the 1st over - 0 run(s), 1 hit(s), 0 error(s), 2 left on base; Greenville 0 - Nashville 0
TOP OF THE 2ND
Greenville 84s batting - Pitching for Nashville G-Strings : RHP Jae-hyun Ch'oe
Batting: LHB Brock Larsen 0-0: Ball
1-0: Ground out 6-3 (Groundball, 6S)
Batting: LHB Paco Rosas 0-0: Ball
1-0: Swinging Strike
1-1: Ball
2-1: Swinging Strike
2-2: Foul Ball, location: 2F
2-2: Ground out 1-3 (Groundball, P)
Batting: LHB Jimmy Vickers 0-0: SOLO HOME RUN (Flyball, 9D), Distance : 406 ft
Batting: RHB Robert Buckley 0-0: Foul Ball, location: 2F
0-1: Ball
1-1: Swinging Strike
1-2: Strikes out looking
Top of the 2nd over - 1 run(s), 1 hit(s), 0 error(s), 0 left on base; Greenville 1 - Nashville 0
BOTTOM OF THE 2ND
Nashville G-Strings batting - Pitching for Greenville 84s : RHP Dillon Nelson
Batting: SHB Martín Medina 0-0: Ball
1-0: Ground out 6-3 (Groundball, 6)
Batting: RHB Juan Costello 0-0: Ball
1-0: Swinging Strike
1-1: Fly out, F5 (Line Drive, 5F)
Batting: SHB Rob Grun 0-0: Ball
1-0: Called Strike
1-1: Ball
2-1: Ball
3-1: Fly out, F8 (Flyball, 8LS)
Bottom of the 2nd over - 0 run(s), 0 hit(s), 0 error(s), 0 left on base; Greenville 1 - Nashville 0
TOP OF THE 3RD
Greenville 84s batting - Pitching for Nashville G-Strings : RHP Jae-hyun Ch'oe
Batting: LHB Robert Moore 0-0: Ball
1-0: Swinging Strike
1-1: Called Strike
1-2: Ball
2-2: Foul Ball, location: 2F
2-2: Ball
3-2: SOLO HOME RUN (Flyball, 78XD), Distance : 395 ft
Batting: RHB Dan Hooper 0-0: Called Strike
0-1: Ball
1-1: Foul Ball, location: 2F
1-2: Ball
2-2: Ball
3-2: Strikes out swinging
Batting: RHB Carlos Torres 0-0: Ball
1-0: Called Strike
1-1: Foul Ball, location: 2F
1-2: Foul Ball, location: 2F
1-2: Ball
2-2: Foul Ball, location: 2F
2-2: Foul Ball, location: 2F
2-2: Foul Ball, location: 2F
2-2: Foul Ball, location: 2F
2-2: Foul Ball, location: 2F
2-2: Ball
3-2: Ground out 4-3 (Groundball, 4M)
Batting: LHB Chris Moore 0-0: Swinging Strike
0-1: Swinging Strike
0-2: Strikes out swinging
Top of the 3rd over - 1 run(s), 1 hit(s), 0 error(s), 0 left on base; Greenville 2 - Nashville 0
BOTTOM OF THE 3RD
Nashville G-Strings batting - Pitching for Greenville 84s : RHP Dillon Nelson
Batting: RHB António Ortega 0-0: Ball
1-0: Swinging Strike
1-1: Called Strike
1-2: Ball
2-2: SOLO HOME RUN (Flyball, 7D), Distance : 390 ft
Batting: SHB Jorge Flores 0-0: Called Strike
0-1: Ball
1-1: Called Strike
1-2: Ball
2-2: Ball
3-2: Strikes out looking
Batting: LHB Jesús Núñez 0-0: Called Strike
0-1: Called Strike
0-2: Strikes out swinging
Batting: RHB Sergio Márquez 0-0: Ground out 4-3 (Groundball, 4)
Bottom of the 3rd over - 1 run(s), 1 hit(s), 0 error(s), 0 left on base; Greenville 2 - Nashville 1
TOP OF THE 4TH
Greenville 84s batting - Pitching for Nashville G-Strings : RHP Jae-hyun Ch'oe
Batting: RHB Enzo Díaz 0-0: Foul Ball, location: 2F
0-1: Ball
1-1: SOLO HOME RUN (Flyball, 78XD), Distance : 399 ft
Batting: LHB Brock Larsen 0-0: Ball
1-0: SINGLE (Line Drive, 9S)
Batting: LHB Paco Rosas 0-0: Fly out, F7 (Flyball, 7S)
Batting: LHB Jimmy Vickers 0-0: Foul Ball, location: 2F
0-1: Ball
1-1: Foul Ball, location: 2F
1-2: Grounds into double play, 6-4-3 (Groundball, 6)
Top of the 4th over - 1 run(s), 2 hit(s), 0 error(s), 0 left on base; Greenville 3 - Nashville 1
BOTTOM OF THE 4TH
Nashville G-Strings batting - Pitching for Greenville 84s : RHP Dillon Nelson
Batting: RHB Vicente Aguirre 0-0: Fly out, F8 (Flyball, 8LS)
Batting: RHB Javier Deleón 0-0: Ball
1-0: Foul Ball, location: 2F
1-1: Foul Ball, location: 2F
1-2: Ground out 4-3 (Groundball, 4D)
Batting: SHB Martín Medina 0-0: Ball
1-0: Fly out, F8 (Flyball, 8LM)
Bottom of the 4th over - 0 run(s), 0 hit(s), 0 error(s), 0 left on base; Greenville 3 - Nashville 1
TOP OF THE 5TH
Greenville 84s batting - Pitching for Nashville G-Strings : RHP Jae-hyun Ch'oe
Batting: RHB Robert Buckley 0-0: Ball
1-0: Called Strike
1-1: Ball
2-1: DOUBLE (Line Drive, 9LS)
Batting: LHB Robert Moore 0-0: Foul Ball, location: 2F
0-1: Swinging Strike
0-2: Strikes out swinging
Batting: RHB Dan Hooper 0-0: Foul Ball, location: 2F
0-1: Ball
1-1: Foul Ball, location: 2F
1-2: Foul Ball, location: 2F
1-2: Ground out 4-3 (Groundball, 4)
Robert Buckley to third
Batting: RHB Carlos Torres 0-0: Foul Ball, location: 2F
0-1: Fly out, F3 (Line Drive, 34S)
Top of the 5th over - 0 run(s), 1 hit(s), 0 error(s), 1 left on base; Greenville 3 - Nashville 1
BOTTOM OF THE 5TH
Nashville G-Strings batting - Pitching for Greenville 84s : RHP Dillon Nelson
Batting: RHB Will Brown 0-0: Called Strike
0-1: SINGLE (Line Drive, 34D)
Batting: SHB Rob Grun 0-0: Fly out, F8 (Flyball, 78M)
Batting: RHB António Ortega 0-0: Ball
1-0: Ball
2-0: Fly out, F3 (Popup, 3S)
Batting: SHB Jorge Flores 0-0: Ball
1-0: Ball
2-0: Ball
3-0: Called Strike
3-1: Base on Balls
Will Brown to second
Batting: LHB Jesús Núñez 0-0: Ball
1-0: Ball
2-0: Ball
3-0: Called Strike
3-1: Called Strike
3-2: Foul Ball, location: 2F
3-2: Foul Ball, location: 2F
3-2: Foul Ball, location: 2F
3-2: Foul Ball, location: 2F
3-2: Base on Balls
Will Brown to third
Jorge Flores to second
Batting: RHB Sergio Márquez 0-0: Fly out, F7 (Flyball, 7LM)
Bottom of the 5th over - 0 run(s), 1 hit(s), 0 error(s), 3 left on base; Greenville 3 - Nashville 1
TOP OF THE 6TH
Greenville 84s batting - Pitching for Nashville G-Strings : RHP Jae-hyun Ch'oe
Now at 1B: Will Brown
Batting: LHB Chris Moore 0-0: Foul Ball, location: 2F
0-1: Ball
1-1: Ball
2-1: Ball
3-1: Base on Balls
Batting: RHB Enzo Díaz 0-0: Ball
1-0: 2-RUN HOME RUN (Flyball, 9LD), Distance : 353 ft
Batting: LHB Brock Larsen 0-0: Called Strike
0-1: Ball
1-1: Foul Ball, location: 2F
1-2: Strikes out looking
Batting: LHB Paco Rosas 0-0: Ball
1-0: Called Strike
1-1: Ball
2-1: SINGLE (Groundball, 34D)
Batting: LHB Jimmy Vickers 0-0: Ball
1-0: Ball
2-0: Ball
3-0: Base on Balls
Paco Rosas to second
Batting: RHB Robert Buckley 0-0: Ball
1-0: Called Strike
1-1: Ball
2-1: Fly out, F8 (Flyball, 8LD)
Runner from 2nd tags up, SAFE at 3rd, no throw
Batting: LHB Robert Moore 0-0: Called Strike
0-1: Called Strike
0-2: Ball
1-2: Ball
2-2: Ground out 1-3 (Groundball, 13S)
Top of the 6th over - 2 run(s), 2 hit(s), 0 error(s), 2 left on base; Greenville 5 - Nashville 1
BOTTOM OF THE 6TH
Nashville G-Strings batting - Pitching for Greenville 84s : RHP Dillon Nelson
Batting: RHB Vicente Aguirre 0-0: Ball
1-0: Fly out, F8 (Flyball, 8LM)
Batting: RHB Javier Deleón 0-0: Ball
1-0: Called Strike
1-1: Swinging Strike
1-2: Fly out, F6 (Line Drive, 6)
Batting: SHB Martín Medina 0-0: Called Strike
0-1: Foul Ball, location: 2F
0-2: Fly out, F7 (Flyball, 7LS)
Bottom of the 6th over - 0 run(s), 0 hit(s), 0 error(s), 0 left on base; Greenville 5 - Nashville 1
TOP OF THE 7TH
Greenville 84s batting - Pitching for Nashville G-Strings : RHP Jae-hyun Ch'oe
Pitching: LHP Raúl Sandoval
Batting: RHB Dan Hooper 0-0: Ball
1-0: Ball
2-0: Ground out 5-3 (Groundball, 5)
Batting: RHB Carlos Torres 0-0: Ball
1-0: Ball
2-0: Ball
3-0: Called Strike
3-1: Called Strike
3-2: Foul Ball, location: 2F
3-2: Base on Balls
Batting: LHB Chris Moore 0-0: Called Strike
0-1: Foul Ball, location: 2F
0-2: Ball
1-2: Ball
2-2: Ball
3-2: Fly out, F8 (Flyball, 8LD)
Batting: RHB Enzo Díaz 0-0: Called Strike
0-1: Called Strike
0-2: Ball
1-2: Ball
Wild Pitch!
Carlos Torres to second
2-2: Foul Ball, location: 2F
2-2: Ball
3-2: Foul Ball, location: 2F
3-2: Base on Balls
Batting: LHB Brock Larsen 0-0: Swinging Strike
0-1: Foul Ball, location: 2F
0-2: Ball
1-2: Foul Ball, location: 2F
1-2: SINGLE (Line Drive, 78M)
Carlos Torres to third
Enzo Díaz to second
Runner from 3rd tries for Home, SAFE, no throw
Batting: LHB Paco Rosas 0-0: Foul Ball, location: 2F
0-1: Ball
1-1: Swinging Strike
1-2: Foul Ball, location: 2F
1-2: Ball
2-2: SINGLE (Groundball, 56S) (infield hit)
Enzo Díaz to third
Brock Larsen to second
Pitching: RHP Arturo Leal
Batting: LHB Jimmy Vickers 0-0: Called Strike
0-1: Called Strike
0-2: Foul Ball, location: 2F
0-2: Foul Ball, location: 2F
0-2: Strikes out looking
Top of the 7th over - 1 run(s), 2 hit(s), 0 error(s), 3 left on base; Greenville 6 - Nashville 1
BOTTOM OF THE 7TH
Nashville G-Strings batting - Pitching for Greenville 84s : RHP Dillon Nelson
Batting: RHB Will Brown 0-0: Called Strike
0-1: Ball
1-1: Ball
2-1: Swinging Strike
2-2: Strikes out swinging
Batting: SHB Rob Grun 0-0: Swinging Strike
0-1: Ball
1-1: Foul Ball, location: 2F
1-2: Ground out 6-3 (Groundball, 6)
Batting: RHB António Ortega 0-0: Fly out, F2 (Popup, 5S)
Bottom of the 7th over - 0 run(s), 0 hit(s), 0 error(s), 0 left on base; Greenville 6 - Nashville 1
TOP OF THE 8TH
Greenville 84s batting - Pitching for Nashville G-Strings : RHP Arturo Leal
Batting: RHB Robert Buckley 0-0: Foul Ball, location: 2F
0-1: Ball
1-1: Swinging Strike
1-2: DOUBLE (Flyball, 8RD)
Batting: LHB Robert Moore 0-0: Called Strike
0-1: Foul Ball, location: 2F
0-2: Ball
1-2: Ball
2-2: Ball
3-2: Ground out 1-3 (Groundball, P)
Robert Buckley to third
Batting: RHB Dan Hooper 0-0: Ball
1-0: Called Strike
1-1: Foul Ball, location: 2F
1-2: Ground out 4-3 (Groundball, 4)
Robert Buckley scores
Batting: RHB Carlos Torres 0-0: Ball
1-0: Fly out, F3 (Popup, 3L)
Top of the 8th over - 1 run(s), 1 hit(s), 0 error(s), 0 left on base; Greenville 7 - Nashville 1
BOTTOM OF THE 8TH
Nashville G-Strings batting - Pitching for Greenville 84s : RHP Dillon Nelson
Pitching: RHP Kenshin Kubota
Batting: SHB Jorge Flores 0-0: Swinging Strike
0-1: Called Strike
0-2: Ball
1-2: Strikes out swinging
Batting: LHB Jesús Núñez 0-0: Ball
1-0: Foul Ball, location: 2F
1-1: Foul Ball, location: 2F
1-2: Strikes out swinging
Batting: RHB Sergio Márquez 0-0: Called Strike
0-1: Fly out, F7 (Flyball, 78S)
Bottom of the 8th over - 0 run(s), 0 hit(s), 0 error(s), 0 left on base; Greenville 7 - Nashville 1
TOP OF THE 9TH
Greenville 84s batting - Pitching for Nashville G-Strings : RHP Arturo Leal
Pitching: RHP Junior Mateo
Batting: LHB Chris Moore 0-0: Ball
1-0: Foul Ball, location: 2F
1-1: Ball
2-1: Foul Ball, location: 2F
2-2: Reached on error, E5 (Groundball, 56)
Batting: RHB Enzo Díaz 0-0: Ball
1-0: Ball
2-0: Ball
3-0: DOUBLE (Line Drive, 7LM)
Chris Moore to third
Batting: LHB Brock Larsen 0-0: Ball
1-0: Ball
2-0: Called Strike
2-1: Swinging Strike
2-2: Ball
3-2: Base on Balls
Batting: LHB Paco Rosas 0-0: Foul Ball, location: 2F
0-1: Called Strike
0-2: Ball
1-2: Ball
2-2: Ball
3-2: Base on Balls
Chris Moore scores
Enzo Díaz to third
Brock Larsen to second
Batting: LHB Jimmy Vickers 0-0: Ball
1-0: Ball
2-0: Called Strike
2-1: Called Strike
2-2: Reached on error, E3 (Groundball, 3)
Enzo Díaz scores
Brock Larsen to third
Paco Rosas to second
Batting: RHB Robert Buckley 0-0: Ball
1-0: Fly out, F9 (Flyball, 9)
Runner from 3rd tags up, SCORES, throw made
Batting: LHB Robert Moore 0-0: Foul Ball, location: 2F
0-1: Ball
1-1: Ball
2-1: Foul Ball, location: 2F
2-2: Strikes out swinging
Batting: RHB Dan Hooper 0-0: Swinging Strike
0-1: Ball
1-1: Swinging Strike
1-2: Strikes out swinging
Top of the 9th over - 3 run(s), 1 hit(s), 2 error(s), 2 left on base; Greenville 10 - Nashville 1
BOTTOM OF THE 9TH
Nashville G-Strings batting - Pitching for Greenville 84s : RHP Kenshin Kubota
Batting: RHB Vicente Aguirre 0-0: Ball
1-0: Foul Ball, location: 2F
1-1: Ball
2-1: Foul Ball, location: 2F
2-2: Foul Ball, location: 2F
2-2: Ball
3-2: Foul Ball, location: 2F
3-2: SINGLE (Groundball, 56D)
Batting: RHB Javier Deleón 0-0: Ball
1-0: Ball
2-0: Ball
3-0: Called Strike
3-1: Called Strike
3-2: Foul Ball, location: 2F
3-2: Strikes out swinging
Batting: SHB Martín Medina 0-0: Foul Ball, location: 2F
0-1: Ball
1-1: Foul Ball, location: 2F
1-2: Ball
2-2: TRIPLE (Line Drive, 5L)
Vicente Aguirre scores
Batting: RHB Will Brown 0-0: Called Strike
0-1: Foul Ball, location: 2F
0-2: Ball
1-2: Strikes out looking
Batting: SHB Rob Grun 0-0: Called Strike
0-1: Swinging Strike
0-2: Strikes out looking
Bottom of the 9th over - 1 run(s), 2 hit(s), 0 error(s), 1 left on base; Greenville 10 - Nashville 2
Tuesday, August 8th, 2017 - OOTP Baseball 17.12 Build 75